[Event "Overnight Daily SuperBlitz Arena"]
[Site "https://chessrook.com/A1JkuKeQcB"]
[Date "2025.04.04"]
[White "frolov625"]
[Black "lov_author26"]
[Result "0-1"]
[WhiteElo "1467"]
[BlackElo "1487"]
[PlyCount "50"]
[Variant "Standard"]
[TimeControl "180+0"]
[ECO "A00"]
[Opening "Mieses Opening: Reversed Rat"]
[Termination "Normal"]
[Annotator "chessrook.com"]

1. d3 e5 { A00 Mieses Opening: Reversed Rat } 2. Nf3 Nc6 3. Bg5 f6 4. Be3 Nge7 5. Nbd2 Nd5 6. c3 d6 7. Qa4 Kf7 8. Ne4 Be6 9. Bg5 Nb6 10. Qb5 a6 11. Bxf6 gxf6 12. Neg5+ fxg5 13. Nxe5+ dxe5 14. Qb3 Be7 15. c4 Bb4+ 16. Qc3 Kg7 17. e4 Rf8 18. h3 Qd4 19. O-O-O Qxf2 20. Qc2 Nd4 21. Rd2 Qe3 22. Qd1 Rf2 23. h4 Rxd2 24. hxg5 Rxd1+ 25. Kxd1 Qd2# { White is checkmated } 0-1